 Dungeon Crawl Stone Soup version 0.29.0-4-gdea44cf6ec (webtiles) character file.

Game seed: 1086935092145250770

47 qw the Chopper (level 3, -7/21 HPs)
             Began as a Tengu Warper on Aug 28, 2022.
             Mangled by a vampire (9 damage)
             ... on level 1 of the Abyss.
             The game lasted 00:00:16 (2220 turns).

qw the Chopper (Tengu Warper)                       Turns: 2220, Time: 00:00:17

Health: -7/21      AC:  3    Str: 13    XL:     3   Next: 70%
Magic:  7/7        EV: 12    Int: 13    God:
Gold:   59         SH:  0    Dex: 13    Spells: 6/6 levels left

rFire   . . .      SeeInvis .   a - +0 hand axe (spect)
rCold   . . .      Faith    .   (no shield)
rNeg    . . .      Spirit   .   b - +0 leather armour
rPois   .          Reflect  .   (helmet restricted)
rElec   .          Harm     .   (no cloak)
rCorr   .          Rampage  .   (no gloves)
Will    .....                   (boots unavailable)
Stlth   +.........              (no amulet)
HPRegen 0.07/turn               (no ring)
MPRegen 0.10/turn               (no ring)

@: no status effects
A: beak, talons 3
a: no special abilities


You were on level 1 of the Abyss.
You visited 1 branch of the dungeon, and saw 3 of its levels.
You visited the Abyss 1 time.

You collected 59 gold pieces.


Innate Abilities, Weirdness & Mutations

You have a beak for a mouth.
You have claws for feet.


   Skills:
 - Level 2.0 Fighting
 + Level 4.3 Axes
 - Level 1.0 Throwing
 - Level 1.1 Armour
 - Level 2.1 Dodging
 - Level 2.0 Spellcasting
 - Level 2.4 Translocations


You had 6 spell levels left.
You didn't know any spells.
Your spell library contained the following spells:

 Spells                   Type           Power      Damage    Failure   Level
 Blink                    Tloc           14%        N/A       19%         2
 Gell's Gravitas          Tloc           7%         N/A       36%         3
 Lesser Beckoning         Tloc           7%         N/A       36%         3
 Teleport Other           Tloc           7%         N/A       36%         3
 Manifold Assault         Tloc           7%         N/A       98%         5

Inventory:

Hand Weapons
 a - a +0 spectral hand axe (weapon)
 h - a +0 flail
Armour
 b - a +0 leather armour (worn)
Scrolls
 e - a scroll of identify
Potions
 f - a potion of resistance {unknown}
 i - a potion of haste

Dungeon Overview and Level Annotations

Branches:
Dungeon (3/15)

Altars:
Cheibriados


Message History

You peck the gnoll.
The gnoll is lightly wounded.
Your +0 spectral hand axe hits the gnoll!
The gnoll hits you with a +2 halberd of distortion!
Ouch! That really hurt!
You are cast into the Abyss!
This branch contains the abyssal rune of Zot.
Your +0 spectral hand axe fades away.
2022 ||| READING scroll labelled NOPOILENEI.
As you read the scroll labelled NOPOILENEI, it crumbles to dust.
It is a scroll of enchant armour.
Really abort (and waste the scroll)?
A vampire comes into view.
2213 ||| Stepping ~*~*~tactically~*~*~ (stealth).
You hit the vampire. You claw the vampire.
The vampire is lightly damaged.
Your +0 spectral hand axe hits the vampire.
A quasit comes into view.
The vampire hits you!
Ouch! That really hurt!
The vampire barely misses you.
You hit the vampire but do no damage. You claw the vampire, but do no damage.
You peck the vampire.
The vampire is moderately damaged.
Your +0 spectral hand axe hits the vampire!
The vampire closely misses you. The vampire bites you.
The vampire draws strength from your injuries!
2218 ||| DRINKING potion of heal wounds.
You feel much better.
The vampire casts a spell.
The vampire flickers and vanishes!
Deactivating autopickup; reactivate with Ctrl-A.
You hit something.
Your +0 spectral hand axe misses something.
Something draws life force from you!
Ouch! That really hurt!
You closely miss something.
Your +0 spectral hand axe barely misses something.
Something hits you. Something bites you!
You die...

. . #. #
.# .#. .
##.
#.#.###
#.#ยค#.#.#
#..({...#
#@# #.#
### # .. #


You could see a friendly +0 spectral hand axe (summoned).

Vanquished Creatures
  An adder (D:2)
  2 dart slugs (D:2)
  3 ball pythons (D:1)
  An endoplasm (D:1)
  2 giant cockroaches
  3 goblins
  A hobgoblin (D:2)
  4 jackals (D:1)
  5 kobolds
  A quokka (D:1)
  3 bats (D:1)
  4 frilled lizards
  3 rats (D:1)
33 creatures vanquished.

Notes
Turn   | Place    | Note
-------+----------+-------------------------------------------
     0 | D:1      | qw the Tengu Warper began the quest for the Orb.
     0 | D:1      | Reached XP level 1. HP: 12/12 MP: 4/4
     0 | D:1      | 0 ||| qw: Version: 0.1-a-89-g26bdef1
     0 | D:1      | 0 ||| qw: Game counter: 2590
     0 | D:1      | 0 ||| qw: Always use a shield: true
     0 | D:1      | 0 ||| qw: God list: Okawaru
     0 | D:1      | 0 ||| qw: Allow faded altars: false
     0 | D:1      | 0 ||| qw: Do Orc after D:15 true
     0 | D:1      | 0 ||| qw: Do second Lair branch before Depths: true
     0 | D:1      | 0 ||| qw: Lair rune preference: random
     0 | D:1      | 0 ||| qw: Plans: Normal
     0 | D:1      | 0 ||| PLANNING D:1-11
   450 | D:1      | Reached skill level 3 in Axes
   450 | D:1      | Reached XP level 2. HP: 14/17 MP: 6/6
  1045 | D:1      | 1045 ||| Stepping ~*~*~tactically~*~*~ (stealth).
  1068 | D:1      | Reached XP level 3. HP: 21/21 MP: 7/7
  1266 | D:1      | 1266 ||| READING scroll labelled VYCOT HIVEHOLL.
  1267 | D:1      | 1267 ||| READING 2 scrolls labelled ISEOCY WODWIO.
  1268 | D:1      | 1268 ||| READING 2 scrolls labelled EHUSUL POMEEFA.
  1269 | D:1      | 1269 ||| READING scroll labelled RUXAMAWI ZIAST.
  1270 | D:1      | 1270 ||| DRINKING 2 silvery potions.
  1271 | D:1      | 1271 ||| DROPPING scroll of blinking.
  1272 | D:1      | 1272 ||| DROPPING scroll of noise.
  1273 | D:1      | 1273 ||| Stepping randomly (stuck).
  1274 | D:1      | 1274 ||| Stepping ~*~*~tactically~*~*~ (cloud).
  1275 | D:1      | 1275 ||| DRINKING potion of curing.
  1275 | D:1      | 1275 ||| (to cure poison)
  1423 | D:2      | 1423 ||| Stepping ~*~*~tactically~*~*~ (hiding).
  1495 | D:2      | 1495 ||| Stepping ~*~*~tactically~*~*~ (stealth).
  1501 | D:2      | Reached skill level 4 in Axes
  1669 | D:2      | Found a faded altar of an unknown god.
  1949 | D:2      | 1949 ||| READING scroll labelled FIUQAV MOILOXT.
  1950 | D:2      | 1950 ||| DRINKING 2 fizzy blue potions.
  1951 | D:2      | 1951 ||| READING 3 scrolls of identify.
  1951 | D:2      | 1951 ||| IDENTIFYING metallic green potion
  1952 | D:2      | 1952 ||| READING 2 scrolls of identify.
  1952 | D:2      | 1952 ||| IDENTIFYING brown potion
  1953 | D:2      | 1953 ||| DROPPING potion of brilliance.
  1993 | D:3      | Found a snail-covered altar of Cheibriados.
  2021 | Abyss:1  | Cast into level 1 of the Abyss (gnoll)
  2022 | Abyss:1  | 2022 ||| READING scroll labelled NOPOILENEI.
  2212 | Abyss:1  | Noticed a vampire
  2213 | Abyss:1  | 2213 ||| Stepping ~*~*~tactically~*~*~ (stealth).
  2217 | Abyss:1  | HP: 4/21 [vampire (5)]
  2218 | Abyss:1  | 2218 ||| DRINKING potion of heal wounds.
  2220 | Abyss:1  | Mangled by a vampire

Levels and vault maps discovered:
D:1:      minmay_arrival_semitransparent, layout_basic
D:2:      layout_basic, ebering_ecumenical_altar_rust, grunt_ministairs_9
D:3:      layout_loops_cross, mainiacjoe_overflow_24_doors,
          dreamdust_mushroom_princess, minmay_shallow_snake_nest, uniq_sigmund
Abyss:1:  base:
D:3

Skill      XL: |  1  2  3 |
---------------+----------+-----
Axes           | 3 4 |  4.3
Fighting       | |  2.0
Throwing       | |  1.0
Armour         | |  1.1
Dodging        | |  2.1
Spellcasting   | |  2.0
Translocations | |  2.4

Action                   || total
-------------------------++-------
Melee: Hand axe          ||    58
       Kick              ||    18
       Peck              ||    11
       Punch             ||     1
Throw: Boomerang         ||     7
  Use: Scroll            ||     8
       Potion            ||     4
 Stab: Sleeping          ||     1
Armor: Leather armour    ||    13
Dodge: Dodged            ||    20

Table legend:
 A = Non-vault XP
 B = Vault XP
 C = Vault XP percentage of total XP
 D = Non-vault monster count
 E = Vault monster count
 F = Vault count percentage of total count
                 A         B        C        D         E       F
            +---------+---------+-------+---------+---------+-------
      Total |      52 |      16 |  23.5 |      31 |       2 |   6.1
            +---------+---------+-------+---------+---------+-------
        D:1 |      35 |       0 |   0.0 |      23 |       0 |   0.0
        D:2 |      13 |      16 |  55.2 |       6 |       2 |  25.0
        D:3 |       4 |       0 |   0.0 |       2 |       0 |   0.0
            +---------+---------+-------+---------+---------+-------
